 Dungeon Crawl Stone Soup version 0.31-a0-233-g139696dc86 (webtiles) character file.

Game seed: 2869230830095883884

65 qw the Shooter (level 4, -7/26 HPs)
             Began as a Gargoyle Hexslinger on July 7, 2023.
             Mangled by Sigmund
             ... wielding a +0 scythe
              (10 damage)
             ... on level 3 of the Dungeon.
             The game lasted 00:00:32 (1363 turns).

qw the Shooter (Gargoyle Hexslinger)                Turns: 1363, Time: 00:00:32

Health: -7/26      AC:  9    Str: 12    XL:     4   Next: 14%
Magic:  5/5        EV: 10    Int: 13    God:
Gold:   21         SH:  0    Dex: 14    Spells: 4/5 levels left

rFire   . . .        Y - +1 sling
rCold   . . .        (no shield)
rNeg    + . .        j - +0 ring mail
rPois   inf          (no helmet)
rElec   +            (no cloak)
rCorr   .            m - +0 pair of gloves
SInv    .            (no boots)
Will    .....        (no amulet)
Stlth   +            (no ring)
HPRegen 1.04/turn    (no ring)
MPRegen 0.09/turn

%: no passive effects
@: no status effects
A: sickness immunity, AC +3, negative energy resistance 1, electricity
resistance, torment resistance 1, petrification resistance, regeneration 1
a: no special abilities


You were on level 3 of the Dungeon.
You visited 1 branch of the dungeon, and saw 3 of its levels.

You collected 117 gold pieces.
You spent 96 gold pieces at shops.


Innate Abilities, Weirdness & Mutations

You are immune to sickness and miasma.
Your stone body is resilient. (AC +3)
You are immune to poison.
You resist negative energy. (rN+)
You are resistant to electric shocks. (rElec)
You are resistant to unholy torment.
You are immune to petrification.
Your natural rate of healing is unusually fast.


   Skills:
 - Level 2.0 Fighting
 - Level 3.9 Ranged Weapons
 + Level 0.2 Armour
 - Level 1.5 Dodging
 - Level 1.0 Spellcasting
 - Level 2.6 Hexes


You had 4 spell levels left.
You knew the following spells:

 Your Spells              Type           Power      Damage    Failure   Level
a - Slow                  Hex            28%        N/A       22%         1

Your spell library contained the following spells:

 Spells                   Type           Power      Damage    Failure   Level
 Inner Flame              Hex/Fire       4%         N/A       73%         3
 Portal Projectile        Hex/Tloc       8%         N/A       73%         3
 Cause Fear               Hex            3%         N/A       91%         4

Inventory:

Hand Weapons
 Y - a +1 sling (weapon)
Armour
 j - a +0 ring mail (worn)
 m - a +0 pair of gloves (worn)
Scrolls
 a - 5 scrolls of identify
Potions
 d - a potion of heal wounds
 e - a potion of mutation
 f - a potion of degeneration {unknown}
 g - a potion of might {unknown}
 h - a potion of haste {unknown}
 n - a potion of brilliance {unknown}
 o - a potion of enlightenment {unknown}

Dungeon Overview and Level Annotations

Branches:
Dungeon (3/15)

Altars:

Shops:
D:3 (?

Annotations:
D:3 Sigmund


Message History

Thank you for shopping at Ijuvaqy's Magic Scroll Shop!
1329 ||| BUYING scroll of identify (24 gold).
a - 2 scrolls of identify (gained 1) Thank you for shopping at Ijuvaqy's Magic Scroll Shop!
1329 ||| BUYING scroll of identify (24 gold).
a - 3 scrolls of identify (gained 1) Thank you for shopping at Ijuvaqy's Magic Scroll Shop!
1329 ||| BUYING scroll of identify (24 gold).
a - 4 scrolls of identify (gained 1) Thank you for shopping at Ijuvaqy's Magic Scroll Shop!
a - 5 scrolls of identify (gained 1)
Found a ring mail.
Enter note:
Found a stone staircase leading up.
Enter note:
Enter note: Sigmund the Dreaded comes into view.
He is wielding a +0 scythe.
Found a stone staircase leading down.
Sigmund shouts!
Sigmund screams, "Don't try to resist!"
Sigmund gestures wildly while chanting.
Sigmund flickers and vanishes!
Deactivating autopickup; reactivate with Ctrl-A.
Enter note:
Enter note: You shoot a sling bullet.
You shoot a sling bullet. You shoot a sling bullet. You shoot a sling bullet.
You shoot a sling bullet. Something hits you! x2
You shoot a sling bullet.
You hear some strange, mumbled words.
Something tries to affect you, but you resist.
You shoot a sling bullet.
A magic dart appears from out of thin air!
The magic dart hits you! Something hits you but does no damage.
You shoot a sling bullet. Something hits you!
You die...

#.#... #.## >.
#.#..### #..# ..
#..[.#.###..# #.
#.....##...# #.
#.#...##..## #.
#...#..#..###
##{###..#........#
#.........#......#
#.\@...####......#
.....................#
#####.<...#####......#
#.....# #......#
#.....# #.######
###...# #. ....^
.^.....


There were no monsters in sight!

Vanquished Creatures
  Jessica (D:2)
  A dart slug (D:1)
  6 endoplasms
  6 goblins
  5 hobgoblins
  A quokka (D:2)
  3 ball pythons
  3 bats
  A frilled lizard (D:2)
  4 kobolds (D:1)
  2 rats
33 creatures vanquished.

Notes
Turn   | Place    | Note
-------+----------+-------------------------------------------
     0 | D:1      | qw the Gargoyle Hexslinger began the quest for the Orb.
     0 | D:1      | Reached XP level 1. HP: 12/12 MP: 2/2
     0 | D:1      | 0 ||| qw: Version: 0.3-a-46-gb1f654a
     0 | D:1      | 0 ||| qw: Game counter: 3108
     0 | D:1      | 0 ||| qw: Melee chars always use a shield: true
     0 | D:1      | 0 ||| qw: God list: Okawaru
     0 | D:1      | 0 ||| qw: Allow faded altars: false
     0 | D:1      | 0 ||| qw: Do Orc after clearing Dungeon:15 true
     0 | D:1      | 0 ||| qw: Do second Lair branch before Depths: true
     0 | D:1      | 0 ||| qw: Lair rune preference: random
     0 | D:1      | 0 ||| qw: Goals: Normal
     0 | D:1      | 0 ||| PLANNING D:1-11
    66 | D:1      | Reached XP level 2. HP: 16/16 MP: 3/3
   177 | D:1      | Reached skill level 3 in Ranged Weapons
   199 | D:1      | Found a faded altar of an unknown god.
   395 | D:1      | 395 ||| FLEEEEING.
   396 | D:1      | 396 ||| FLEEEEING.
   397 | D:1      | 397 ||| FLEEEEING.
   403 | D:1      | Reached XP level 3. HP: 21/21 MP: 4/4
   654 | D:1      | 654 ||| DRINKING 2 blue potions.
   655 | D:1      | 655 ||| DRINKING 2 fizzy white potions.
   655 | D:1      | Gained mutation: Your natural rate of healing is unusually
                  | fast. [potion of mutation]
   656 | D:1      | 656 ||| DROPPING scroll of poison.
  1224 | D:2      | Noticed Jessica
  1233 | D:2      | Killed Jessica
  1234 | D:2      | Reached XP level 4. HP: 21/26 MP: 5/5
  1259 | D:2      | 1259 ||| UPGRADING to +0 leather armour.
  1269 | D:2      | 1269 ||| DROPPING +0 robe.
  1270 | D:2      | 1270 ||| UPGRADING to +0 ring mail.
  1280 | D:2      | 1280 ||| DROPPING +0 leather armour.
  1281 | D:2      | 1281 ||| UPGRADING to +0 pair of gloves.
  1286 | D:2      | 1286 ||| READING scroll labelled CEEMEE UCOEM.
  1287 | D:2      | 1287 ||| READING scroll labelled JISCHO QAN TOA.
  1288 | D:2      | 1288 ||| READING scroll labelled KUS DIRETAGATE.
  1320 | D:3      | Found Ijuvaqy's Magic Scroll Shop.
  1329 | D:3      | 1329 ||| BUYING scroll of identify (24 gold).
  1329 | D:3      | Bought a scroll of identify for 24 gold pieces
  1329 | D:3      | 1329 ||| BUYING scroll of identify (24 gold).
  1329 | D:3      | Bought a scroll of identify for 24 gold pieces
  1329 | D:3      | 1329 ||| BUYING scroll of identify (24 gold).
  1329 | D:3      | Bought a scroll of identify for 24 gold pieces
  1329 | D:3      | 1329 ||| BUYING scroll of identify (24 gold).
  1329 | D:3      | Bought a scroll of identify for 24 gold pieces
  1349 | D:3      | Found Yhiyguad's Weapon Emporium.
  1355 | D:3      | Noticed Sigmund
  1362 | D:3      | HP: 1/26 [something/magic dart (10)]
  1363 | D:3      | Mangled by Sigmund

Levels and vault maps discovered:
D:1:      enne_arrival_octagon_isle, layout_basic,
          hellmonk_ecumenical_altar_inner_sanctum, serial_park_tiny_pond
D:2:      layout_loops_ring, palyth_stone_intersect, minmay_tetromino_s2,
          uniq_jessica
D:3:      layout_rooms, serial_shops, shop, shop, shop, shop, nicolae_wormholes,
          uniq_sigmund

Skill      XL: |  1  2 |
---------------+-------+-----
Ranged Weapons | 3 |  3.9
Fighting       | 2 |  2.0
Armour         | |  0.2
Dodging        | |  1.5
Spellcasting   | |  1.0
Hexes          | |  2.6

Action                     |  1- 3 |  4- 6 || total
---------------------------+-------+-------++-------
   Fire: Sling             |   102 |    14 ||   116
    Use: Potion            |     2 |       ||     2
         Scroll            |       |     3 ||     3
 Armour: Robe              |     7 |       ||     7
         Ring mail         |       |     3 ||     3
  Dodge: Dodged            |    24 |     4 ||    28

Table legend:
 A = Non-vault XP
 B = Vault XP
 C = Vault XP percentage of total XP
 D = Non-vault monster count
 E = Vault monster count
 F = Vault count percentage of total count
                 A         B        C        D         E       F
            +---------+---------+-------+---------+---------+-------
      Total |      54 |      40 |  42.6 |      30 |       3 |   9.1
            +---------+---------+-------+---------+---------+-------
        D:1 |      36 |       0 |   0.0 |      20 |       0 |   0.0
        D:2 |      14 |      40 |  74.1 |       8 |       3 |  27.3
        D:3 |       4 |       0 |   0.0 |       2 |       0 |   0.0
            +---------+---------+-------+---------+---------+-------
